AoeStats
← gogo

Lombardia

509436441Analyzed
4v4 RM · 5d ago on Sep 26, 2026· 17m 19s· 8 players
Game mode
Random Map
Map size
Large (8 player)
Population
200
Speed
Normal
Resources
Standard
Victory
Conquest
Starting age
Dark Age
Ending age
Imperial Age
RankedLock teamsTeams togetherTeam positionsShared explorationLock speedFull tech treeHidden civsTurbo modeCheats
Victory
Defeat
🇵🇹 Turks · Portugal
1260
+15
🇵🇱 Lithuanians · Poland
1232
+16
🇫🇷 Mapuche · France
1188
+18
🇧🇷 Mongols · Brazil
1133
+20
🇵🇪 Sicilians · Peru
1292
-20
🇨🇳 Varangians · China
1223
-17
🇨🇱 Britons · Chile
1214
-17
🇵🇪 Saracens · Peru
1169
-15
gogo
11:17 Feudal Age
12:58 Loom
15:24 Castle Age
Slatanic
5:04 Loom
11:57 Feudal Age
12:00 Loom
15:46 Castle Age
14:04 Double-Bit Axe
14:02 Horse Collar
Chaynis
11:03 Feudal Age
12:59 Horse Collar
13:43 Loom
SAIBOT
10:02 Loom
11:49 Feudal Age
16:45 Castle Age
14:58 Double-Bit Axe
KaiZerShift
5:32 Loom
11:21 Feudal Age
19:07 Castle Age
16:31 Champi Runner
17:21 Horse Collar
17:27 Double-Bit Axe
edu_hen
2:15 Loom
8:58 Feudal Age
10:18 Double-Bit Axe
12:09 Wheelbarrow
12:35 Horse Collar
Massarock
10:46 Feudal Age
13:43 Forging
13:20 Double-Bit Axe
13:17 Horse Collar
13:34 Loom
15:12 Scale Barding Armor
IlikeStone
12:04 Feudal Age
13:00 Double-Bit Axe
15:39 Castle Age
13:28 Horse Collar
Connection lost

Rejoining the realm…

Still unreachable

The connection could not be restored.

Session expired

The server has moved on; the page needs a fresh start.